 Dungeon Crawl Stone Soup version 0.26-a0-720-g2a1d101370 (webtiles) character file.

Game seed: 6978974452126573671

79802 marklar909 the Grappler (level 15, -13/129 HPs)
             Began as a Grey Draconian Transmuter on Nov 3, 2020.
             Was a High Priest of Qazlal.
             Mangled by an ice devil (22 damage)
             ... summoned by an orc high priest
             ... while paralysed by an orc sorcerer
             ... on level 2 of the Orcish Mines.
             The game lasted 01:05:56 (33798 turns).

marklar909 the Grappler (DrTm)                     Turns: 33798, Time: 01:05:57

Health: -13/129    AC: 20    Str: 18    XL:     15   Next: 22%
Magic:  21/29      EV:  2    Int: 15    God:    Qazlal [*****.]
Gold:   2294       SH:  0    Dex: 17    Spells: 20/35 levels left

rFire    . . .     SeeInvis .     - Unarmed
rCold    . . .     Faith    .   (shield currently unavailable)
rNeg     . . .     Spirit   .   (armour unavailable)
rPois    .         Reflect  .   e - +2 hat
rElec    +         Harm     .   (no cloak)
rCorr    .         Rampage  +   (gloves currently unavailable)
MR       ++...                  A - +0 pair of boots of Filth {Rampage +Inv rElec MR+}
Stlth    +.........             o - amulet of the acrobat
HPRegen  0.31/turn              B - +4 ring of evasion
MPRegen  0.21/turn              M - +6 ring of dexterity

@: paralysed, blade hands, wereblooded, protected from physical damage, slowed,
lightly drained, repel missiles
A: walk through water, unfitting armour, unbreathing, cold-blooded, AC +14
a: End Transformation, Upheaval, Elemental Force, Disaster Area, Renounce
Religion, Evoke Invisibility


You were on level 2 of the Orcish Mines.
You worshipped Qazlal.
Qazlal was extremely pleased with you.
You had blades for hands.
You visited 3 branches of the dungeon, and saw 22 of its levels.
You also visited: Bailey.

You collected 2294 gold pieces.

Inventory:

Hand Weapons
 a - a +1 shortbow of flaming
 Q - a +5 longbow of flaming
Missiles
 l - 593 arrows
 m - 126 poisoned darts (quivered)
Armour
 e - a +2 hat (worn)
 r - a +2 pair of gloves (melded)
 A - the +0 pair of boots of Filth (worn) {Rampage +Inv rElec MR+}
   (You found it on level 5 of the Dungeon)

   It insulates you from electricity.
   It affects your resistance to hostile enchantments.
   It lets you turn invisible.
   It bestows one free step when moving towards enemies.
Jewellery
 k - an uncursed ring of flight
 o - an amulet of the acrobat (around neck)
 u - an uncursed ring of protection from cold
 v - an uncursed ring of magical power
 y - an uncursed ring of resist corrosion
 B - a +4 ring of evasion (left scythe-like blade)
 M - a +6 ring of dexterity (right scythe-like blade)
Wands
 E - a wand of iceblast (11)
 L - a wand of polymorph (3)
 O - a wand of digging (17)
 S - a wand of acid (7)
Scrolls
 f - 7 scrolls of teleportation
 g - a scroll of fog
 h - 6 scrolls of remove curse
 n - 2 scrolls of brand weapon
 t - 5 scrolls of enchant armour
 w - a scroll of summoning
 x - 6 scrolls of magic mapping
 D - a scroll of immolation
 G - a scroll of amnesia
 I - 5 scrolls of identify
Potions
 b - 3 potions of lignification
 c - 4 potions of flight
 d - 4 potions of magic
 i - 2 potions of berserk rage
 j - 6 potions of heal wounds
 p - 2 potions of mutation
 q - 7 potions of curing
 s - 4 potions of brilliance
 z - 5 potions of stabbing
 C - 2 potions of might
 F - 2 potions of degeneration
 H - a potion of resistance
 N - a potion of haste
 P - a potion of cancellation
Miscellaneous
 J - a condenser vane (2/2)


   Skills:
 * Level 11.0 Fighting
 + Level 6.7 Bows
 + Level 1.5 Throwing
 * Level 9.1 Dodging
 + Level 3.2(3.1) Stealth
   Level 6.0 Shields
 + Level 13.8 Unarmed Combat
 + Level 10.7(10.6) Spellcasting
 + Level 10.8 Transmutations
 + Level 1.2 Ice Magic
 + Level 1.3 Poison Magic
 + Level 5.7 Invocations
 + Level 1.2 Evocations


You had 20 spell levels left.
You knew the following spells:

 Your Spells              Type           Power        Failure   Level
a - Beastly Appendage     Tmut           #####.       7%          1
b - Wereblood             Tmut           #####...     8%          2
c - Spider Form           Tmut/Pois      ####......   22%         3
d - Ice Form              Ice/Tmut       ####....     41%         4
e - Blade Hands           Tmut           #####.....   26%         5

Your spell library contained the following spells:

 Spells                   Type           Power        Failure   Level
 Corona                   Hex            #......      43%         1
 Foxfire                  Conj/Fire      #...         43%         1
 Shock                    Conj/Air       #...         43%         1
 Slow                     Hex            #.......     54%         2
 Swiftness                Air            #.......     54%         2
 Conjure Flame            Conj/Fire      #.......     69%         3
 Inner Flame              Hex/Fire       #.......     69%         3
 Portal Projectile        Hex/Tloc       #.....       69%         3
 Static Discharge         Conj/Air       #.......     69%         3
 Airstrike                Air            #.........   94%         4
 Cause Fear               Hex            #.........   94%         4
 Leda's Liquefaction      Hex/Erth       #.........   94%         4
 Sticky Flame             Conj/Fire      #.......     94%         4
 Fireball                 Conj/Fire      #.........   99%         5
 Lightning Bolt           Conj/Air       #.........   99%         5


Dungeon Overview and Level Annotations

Branches:
Dungeon (14/15)            Temple (0/1) D:6            Lair (6/6) D:11
 Shoals (0/4) Lair:3       Spider (0/4) Lair:3        Slime (0/5) Lair:6
    Orc (2/2) D:10         Vaults (0/5) D:13         Bailey (visited)
    Elf: Orc:2

Altars:
Ashenzari
Cheibriados
Dithmenos
Elyvilon
Gozag
Hepliaklqana
Qazlal
Sif Muna
Uskayaw
Xom
Zin
Jiyva

Shops:
Orc:1 [

Annotations:
Lair:6 1 runed translucent door


Innate Abilities, Weirdness & Mutations

You can walk through water.
Your dull iron-grey scales are very hard. (AC +14)
You cannot fit into any form of body armour.
You can survive without breathing.
You are cold-blooded and may be slowed by cold attacks.


Message History

The orc warlord hits you from afar with a +0 glaive!!
* * * LOW HITPOINT WARNING * * *
The sixfirhy hits you but does no damage.
The sixfirhy hits you!
* * * LOW HITPOINT WARNING * * *
The sixfirhy shocks you. You resist.
* * * LOW HITPOINT WARNING * * *
The sixfirhy hits you but does no damage.
The orc warrior hits you from afar with a +0 glaive.
* * * LOW HITPOINT WARNING * * *
You feel more protected from physical attacks.
The sixfirhy hits you but does no damage.
The orc priest looks braver for a moment.
The orc warrior hits you with a +0 hand axe.
* * * LOW HITPOINT WARNING * * *
The orc high priest hits you but does no damage.
The ice devil hits you!
* * * LOW HITPOINT WARNING * * *
The ice devil freezes you!!
You feel yourself slow down.
You die...

............ #.
........... #..
..o...#...##...
......#...#.#..
.......(.......
...............
$....o3o.☼.....
...4.o[@O○.....
.....o4o○○..#..
.....o4oo○.....
.......o.......
.o..........##.
.........o..#
.....o#.....#
...(.......##


You could see an orc warlord (strong), an orc knight (strong), 2 orc high
priests, an ice devil (summoned), a sixfirhy (summoned), an orc sorcerer
(strong), 2 red devils, 5 orc warriors, an ogre, an orc priest (strong), an orc
wizard (fast, strong) and an orc (strong).

Vanquished Creatures
  Jorgrun (D:12)
  Azrael (D:12)
  Josephine (Lair:6)
  5 hydras
  2 boulder beetles
  6 centaur warriors
  5 death yaks
  5 two-headed ogres
  Urug (Lair:5)
  2 orc high priests (Orc:1)
  Sonja (Orc:2)
  An unseen horror (D:10)
  A lindwurm (Lair:4)
  2 orc knights
  A necromancer (D:13)
  An orc sorcerer (Orc:1)
  A deep elf mage (D:14)
  6 ugly things
  2 cyclopes (D:14)
  A manticore (D:12)
  3 elephants
  2 black mambas
  Psyche (D:12)
  25 cane toads
  A gargoyle (D:14)
  A rime drake (Lair:6)
  9 komodo dragons
  11 trolls
  A hornet (D:14)
  5 polar bears (Lair:4)
  3 tyrant leeches
  14 blink frogs
  7 wraiths
  3 shadows
  4 wyverns
  2 redbacks (Lair:3)
  52 yaks
  5 basilisks
  4 fire elementals (D:12)
  13 vampire mosquitoes
  A steam dragon (D:13)
  3 wargs
  Edmund (D:6)
  Duvessa (D:4)
  A soldier ant (D:14)
  3 hell hounds (D:12)
  12 water moccasins
  21 orc warriors
  3 black bears
  3 acid dragons
  5 ice beasts
  3 phantoms
  3 sky beasts (D:9)
  A necrophage (D:13)
  16 ogres
  2 eyes of draining
  27 wolves
  18 centaurs
  5 big kobolds
  28 bullfrogs
  11 gnoll sergeants
  A wyvern zombie (D:8)
  Dowan (D:4)
  6 killer bees (D:12)
  6 scorpions
  17 wights
  6 electric eels
  A howler monkey (D:12)
  A lava snake (Lair:1)
  A quasit (D:11)
  2 centaur zombies
  9 orc priests
  20 hounds
  5 jellies
  4 centaur skeletons
  6 gnoll shamans (Bailey)
  15 orc wizards
  3 bullfrog skeletons
  8 iguanas
  15 worker ants
  2 killer bee zombies
  3 hound skeletons
  2 worker ant zombies
  31 gnolls
  16 adders
  2 shadow imps
  4 white imps
  4 ufetubi
  3 dart slugs
  7 leopard geckos
  69 orcs
  6 giant cockroaches
  12 goblins
  18 hobgoblins
  12 jackals
  23 kobolds
  4 quokkas
  8 bats
  4 frilled lizards
  A quokka skeleton (D:4)
  7 rats
  A rat zombie (D:6)
746 creatures vanquished.

Vanquished Creatures (collateral kills)
  Rupert (Lair:5)
  A cane toad (Lair:5)
2 creatures vanquished.

Vanquished Creatures (others)
  An ugly thing (D:14)
  A quasit (D:12)
  An orc (D:11)
  29 fungi
  92 plants
124 creatures vanquished.

Grand Total: 872 creatures vanquished

Notes
Turn   | Place    | Note
-------+----------+-------------------------------------------
     0 | D:1      | marklar909 the Draconian Transmuter began the quest for the
                  | Orb.
     0 | D:1      | Reached XP level 1. HP: 16/16 MP: 3/3
   453 | D:1      | Reached XP level 2. HP: 19/23 MP: 3/5
   962 | D:1      | Reached XP level 3. HP: 28/28 MP: 4/6
   966 | D:1      | Learned a level 2 spell: Wereblood
  1752 | D:2      | Found a shadowy altar of Dithmenos.
  1896 | D:2      | Found a shimmering altar of Xom.
  1897 | D:2      | Found a snail-covered altar of Cheibriados.
  1899 | D:2      | Found a glowing silver altar of Zin.
  1899 | D:2      | Found a white marble altar of Elyvilon.
  1899 | D:2      | Found a shimmering blue altar of Sif Muna.
  1900 | D:2      | Found a stormy altar of Qazlal.
  1922 | D:2      | Became a worshipper of Qazlal Stormbringer
  1979 | D:2      | Reached XP level 4. HP: 26/35 MP: 4/7
  2340 | D:2      | Reached skill level 4 in Unarmed Combat
  2823 | D:3      | Reached XP level 5. HP: 22/41 MP: 4/8
  3224 | D:3      | Reached * piety under Qazlal
  3237 | D:3      | Found an opulent altar of Gozag.
  3442 | D:4      | Noticed a centaur
  3456 | D:4      | Killed a centaur
  4068 | D:4      | Reached XP level 6. HP: 48/48 MP: 6/10
  4216 | D:4      | Found a hide-covered altar of Uskayaw.
  4220 | D:4      | Noticed a +0 dagger
  4220 | D:4      | Noticed a +0 hand axe
  4388 | D:4      | HP: 1/48 [gnoll (3)]
  5087 | D:4      | Your scales start taking on a dull iron-grey colour.
  5087 | D:4      | Reached XP level 7. HP: 39/56 MP: 6/12
  5087 | D:4      | Gained mutation: You can survive without breathing. [Grey
                  | Draconian growth]
  5243 | D:4      | Noticed Dowan
  5244 | D:4      | Noticed Duvessa
  5254 | D:4      | Killed Duvessa
  5254 | D:4      | Reached skill level 1 in Throwing
  5255 | D:4      | Killed Dowan
  5255 | D:4      | Reached skill level 5 in Unarmed Combat
  5769 | D:5      | Entered Level 5 of the Dungeon
  5886 | D:5      | Reached ** piety under Qazlal
  6045 | D:5      | Reached skill level 1 in Shields
  6108 | D:5      | Got a pair of steaming boots
  6109 | D:5      | Identified the cursed +0 pair of boots of Filth {Rampage
                  | +Inv rElec MR+} (You found it on level 5 of the Dungeon)
  6138 | D:5      | Reached XP level 8. HP: 61/62 MP: 14/14
  6646 | D:5      | Learned a level 3 spell: Spider Form
  6786 | D:6      | Noticed Edmund
  6803 | D:6      | Killed Edmund
  6803 | D:6      | Reached skill level 1 in Bows
  6803 | D:6      | Reached skill level 5 in Transmutations
  6963 | D:6      | Reached skill level 6 in Unarmed Combat
  7093 | D:6      | Found a staircase to the Ecumenical Temple.
  7117 | D:6      | Reached skill level 5 in Spellcasting
  7125 | D:6      | Reached skill level 1 in Stealth
  7140 | D:6      | Found a broken altar of Ashenzari.
  7651 | D:6      | Learned a level 4 spell: Ice Form
  7657 | D:6      | Learned a level 5 spell: Blade Hands
  7714 | D:7      | Reached XP level 9. HP: 66/68 MP: 12/16
  7959 | D:7      | Reached *** piety under Qazlal
  8134 | D:7      | Reached skill level 7 in Unarmed Combat
  9056 | D:8      | Reached **** piety under Qazlal
  9520 | D:9      | Reached skill level 8 in Unarmed Combat
  9520 | D:9      | Reached XP level 10. HP: 47/77 MP: 15/19
 10044 | D:9      | Reached skill level 1 in Poison Magic
 10261 | D:9      | Reached skill level 5 in Dodging
 10708 | D:10     | Entered Level 10 of the Dungeon
 10722 | D:10     | Reached skill level 9 in Unarmed Combat
 11595 | D:10     | Reached ***** piety under Qazlal
 11680 | D:10     | Killed an unseen horror
 11775 | D:10     | Noticed a two-headed ogre
 11792 | D:10     | Killed a two-headed ogre
 11792 | D:10     | Reached skill level 10 in Unarmed Combat
 11792 | D:10     | Reached skill level 1 in Evocations
 11792 | D:10     | Reached XP level 11. HP: 62/83 MP: 17/21
 12928 | D:10     | Found a staircase to the Orcish Mines.
 13195 | D:11     | Noticed a seven-headed hydra
 13225 | D:11     | Found a flagged portal.
 13227 | D:11     | Noticed a two-headed ogre
 13236 | D:11     | Killed a two-headed ogre
 13246 | Bailey   | Entered a bailey
 13611 | Bailey   | Reached skill level 1 in Invocations
 14217 | D:11     | Reached skill level 1 in Ice Magic
 14869 | D:11     | Found a staircase to the Lair.
 15038 | D:11     | Noticed a two-headed ogre
 15043 | D:11     | Killed a two-headed ogre
 15072 | D:11     | You fall into a shaft and drop 3 floors!
 15074 | D:14     | Noticed a boulder beetle
 15082 | D:14     | Killed a boulder beetle
 15082 | D:14     | Reached skill level 5 in Bows
 15090 | D:14     | Reached skill level 11 in Unarmed Combat
 15091 | D:14     | Reached skill level 5 in Fighting
 15091 | D:14     | Reached XP level 12. HP: 81/94 MP: 12/24
 15093 | D:14     | Noticed a centaur warrior
 15097 | D:14     | Killed a centaur warrior
 15110 | D:14     | Noticed a two-headed ogre
 15122 | D:14     | Noticed a centaur warrior
 15127 | D:14     | Found an opulent altar of Gozag.
 15131 | D:14     | Killed a centaur warrior
 15146 | D:14     | Noticed a centaur warrior
 15150 | D:14     | Killed a centaur warrior
 15157 | D:14     | Noticed a two-headed ogre
 15179 | D:14     | Killed a two-headed ogre
 15194 | D:14     | Noticed a centaur warrior
 15365 | D:13     | Noticed a centaur warrior
 15375 | D:13     | Killed a centaur warrior
 16173 | D:13     | Noticed a centaur warrior
 16182 | D:13     | Killed a centaur warrior
 16350 | D:13     | Found a gate to the Vaults.
 17032 | D:12     | Noticed Azrael
 17038 | D:12     | Killed Azrael
 17343 | D:12     | Noticed a boulder beetle
 17348 | D:12     | Reached XP level 13. HP: 105/106 MP: 18/25
 17625 | D:12     | Noticed Psyche
 17625 | D:12     | Noticed Jorgrun
 17695 | D:12     | Killed Jorgrun
 17695 | D:12     | Reached skill level 5 in Invocations
 18199 | D:12     | Killed Psyche
 18350 | D:12     | Reached skill level 12 in Unarmed Combat
 18353 | D:12     | Reached skill level 5 in Shields
 20314 | Lair:1   | Entered Level 1 of the Lair of Beasts
 21875 | Lair:1   | Found a hazy altar of Hepliaklqana.
 22952 | Lair:2   | Reached XP level 14. HP: 115/118 MP: 27/27
 24243 | Lair:3   | Found a hole to the Spider Nest.
 24655 | Lair:3   | Found a staircase to the Shoals.
 25321 | Lair:4   | Reached skill level 10 in Spellcasting
 27105 | Lair:5   | Reached skill level 13 in Unarmed Combat
 27121 | Lair:5   | Reached skill level 10 in Fighting
 27121 | Lair:5   | Reached skill level 10 in Transmutations
 27474 | Lair:5   | Noticed Rupert
 27482 | Lair:5   | Killed Rupert
 27647 | Lair:5   | You fall into a shaft and drop 1 floor!
 27647 | Lair:6   | Entered Level 6 of the Lair of Beasts
 28173 | Lair:6   | Noticed Urug
 28453 | Lair:5   | Killed Urug
 30634 | Lair:5   | Identified a scroll of acquirement
 30656 | Lair:5   | Acquired a +0 hat
 31301 | Lair:6   | Noticed Josephine
 31310 | Lair:6   | Killed Josephine
 31629 | Lair:6   | Reached XP level 15. HP: 111/128 MP: 24/29
 32028 | Lair:6   | Found a runed translucent door.
 32031 | Lair:6   | Found a viscous altar of Jiyva.
 32031 | Lair:6   | Found a staircase to the Slime Pits.
 32435 | Orc:1    | Entered Level 1 of the Orcish Mines
 32686 | Orc:1    | Found Miled's Armour Shoppe.
 32923 | Orc:2    | Entered Level 2 of the Orcish Mines
 32927 | Orc:2    | Noticed Sonja
 33381 | Orc:2    | Noticed an orc warlord
 33614 | Orc:2    | Killed Sonja
 33779 | Orc:2    | Paralysed by an orc sorcerer for 3 turns
 33797 | Orc:2    | Paralysed by an orc sorcerer for 7 turns
 33798 | Orc:2    | Mangled by an ice devil

Illustrated notes

Levels and vault maps discovered:
D:1:      roderic_lyre, layout_basic
D:2:      layout_basic, nicolae_dithmenos_through_a_glass_darkly,
          grunt_temple_overflow_open
D:3:      layout_rooms, lemuel_coloured_pillars_altar
D:4:      corexii_shack_village, layout_cave_pods, dancing_weapons_uskayaw,
          uniq_duvessa
D:5:      kennysheep_six_static_rooms, layout_rooms, minmay_starry_boxes
D:6:      layout_basic, nicolae_ashenzari_panopticon,
          minmay_temple_entry_junction_2, enter_ossuary_3, uniq_edmund
D:7:      layout_cave_pools
D:8:      layout_rooms, mrwooster_statue_mirror
D:9:      layout_loops_corners
D:10:     layout_basic, kennysheep_orc_monster_closet_entryway
D:11:     layout_layer_cave, erik_lair_island, enter_bailey_6
D:12:     layout_long_grid, drop_trap, minmay_splitting_lines, uniq_psyche,
          uniq_azrael, uniq_jorgrun
D:13:     layout_basic, david_vaults_1
D:14:     cheibrodos_ideogram_h, layout_rooms, minivault_27, basic_altar
Lair:1:   layout_gridlike, basic_altar
Lair:2:   layout_gridlike
Lair:3:   layout_cave_pods, elwin_shoals_entry_rocks, spider_nest_entry_webs
Lair:4:   layout_cave_shapes, cheibrodos_lair_lostbears
Lair:5:   layout_roguey, infiniplex_staircase_pool_2, lemuel_fruit_fields,
          uniq_rupert
Lair:6:   minmay_lair_end_frog_pond, layout_misc_corridors, slime_altar_2,
          serial_bayou_shore_b, infiniplex_staircase_pool, uniq_josephine,
          uniq_urug
Orc:1:    layout_caves, serial_shops, shop
Orc:2:    grunt_orc_gardens, layout_caves, grunt_orc_garden, grunt_orc_garden,
          grunt_orc_garden, grunt_orc_garden, uniq_sonja

Skill      XL: |  1  2  3  4  5  6  7  8  9 10 11 12 13 14 15 |
---------------+----------------------------------------------+-----
Dodging        | 2 3 4 5 6 7 8 9 |  9.1
Unarmed Combat | 4 5 6 8 10 11 12 13 | 13.8
Fighting       | 2 3 5 7 9 10 11 | 11.0
Spellcasting   | 3 4 5 6 7 8 9 10 | 10.7
Transmutations | 3 4 5 6 7 8 9 10 | 10.8
Throwing       | 1 |  1.5
Shields        | 1 3 4 6 |  6.0
Bows           | 1 3 4 5 6 |  6.7
Stealth        | 1 2 3 |  3.2
Poison Magic   | 1 |  1.3
Evocations     | 1 |  1.2
Invocations    | 3 4 5 |  5.7
Ice Magic      | 1 |  1.2

Action                   |  1- 3 |  4- 6 |  7- 9 | 10-12 | 13-15 || total
-------------------------+-------+-------+-------+-------+-------++-------
Melee: Unarmed           |   144 |   163 |   402 |   561 |   821 ||  2091
       Kick              |    10 |    31 |    76 |    51 |    41 ||   209
       Tailslap          |    11 |    12 |    36 |    39 |    95 ||   193
       Punch             |     1 |     3 |     7 |     9 |    40 ||    60
       Headbutt          |     6 |    25 |    35 |    22 |    21 ||   109
 Fire: Shortbow          |       |       |    55 |   121 |    79 ||   255
Throw: Dart              |     2 |     9 |     5 |     5 |       ||    21
 Cast: Beastly Appendage |    19 |    32 |    42 |    17 |    30 ||   140
       Wereblood         |     3 |    17 |    31 |    46 |    64 ||   161
       Spider Form       |       |       |     7 |    10 |       ||    17
       Ice Form          |       |       |       |    18 |       ||    18
       Blade Hands       |       |       |       |    14 |    69 ||    83
Invok: Upheaval          |       |       |       |    12 |    15 ||    27
       Elemental Force   |       |       |       |       |     1 ||     1
 Abil: End Transformatio |       |       |       |       |     1 ||     1
Evoke: Wand              |       |       |     8 |     8 |     8 ||    24
  Use: Scroll            |       |     9 |     5 |     9 |    25 ||    48
       Potion            |       |     1 |       |     2 |     3 ||     6
 Stab: Distracted        |       |       |       |       |     1 ||     1
Armor: Skin              |    51 |    41 |   146 |   138 |   207 ||   583
Dodge: Dodged            |   123 |   115 |   288 |   497 |  1033 ||  2056
       Repelled          |       |       |       |     4 |     8 ||    12
Block: Other             |       |     8 |    64 |   157 |   262 ||   491
       Kite shield       |       |       |       |       |    27 ||    27

Table legend: (Time is in decaauts)
 A = Elapsed time spent in this place.
 B = Non-inter-level travel time spent in this place.
 C = Inter-level travel time spent in this place.
 D = Time resting spent in this place.
 E = Time spent auto-exploring this place.
 F = Levels seen in this place.
 G = Mean time per level.
                   A        B        C        D        E       F      G
               +--------+--------+--------+--------+--------+-----+--------+
         Total |  33432 |  32006 |   1426 |   8376 |  18498 |  23 | 1453.6 |
       Dungeon |  21005 |  19921 |   1084 |   3866 |  12607 |  14 | 1500.4 |
          Lair |  10634 |  10312 |    322 |   3787 |   5235 |   6 | 1772.3 |
  Orcish Mines |   1127 |   1108 |     19 |    708 |    194 |   2 |  563.5 |
        Bailey |    665 |    665 |      0 |     15 |    462 |   1 |  665.0 |
               +--------+--------+--------+--------+--------+-----+--------+

Top non-repeatable levels by time:
  Lair:5: 3381 daAuts
    D:11: 2775 daAuts
    D:10: 2647 daAuts
    D:12: 2210 daAuts
    D:13: 2126 daAuts
  Lair:4: 2038 daAuts
     D:4: 1988 daAuts
     D:9: 1942 daAuts
  Lair:3: 1802 daAuts
     D:1: 1628 daAuts
  Lair:1: 1396 daAuts
     D:3: 1146 daAuts
  Lair:6: 1093 daAuts
   Orc:1: 1078 daAuts
     D:5: 1003 daAuts
